 Dungeon Crawl Stone Soup version 0.28-a0-1510-gd0f6b136d3 (webtiles) character file.

Game seed: 4627787210210119352

3929 esteth the Severer (level 10, -2/88 HPs)
             Began as a Hill Orc Fighter on Jan 14, 2022.
             Slain by a two-headed ogre (7 damage)
             ... on level 7 of the Dungeon.
             The game lasted 00:12:53 (8561 turns).

esteth the Severer (Hill Orc Fighter)               Turns: 8561, Time: 00:12:53

Health: -2/88      AC:  6    Str: 26    XL:     10   Next: 21%
Magic:  10/10      EV: 12    Int: 12    God:
Gold:   438        SH:  0    Dex: 10    Spells: 9/9 levels left

rFire   . . .      SeeInvis .   u - +1 battleaxe (freeze)
rCold   . . .      Faith    .   (shield currently unavailable)
rNeg    . . .      Spirit   .   B - +0 steam dragon scales
rPois   .          Reflect  .   (no helmet)
rElec   .          Harm     .   (no cloak)
rCorr   .          Rampage  .   f - +0 pair of gloves
Will    .....                   (no boots)
Stlth   +.........              (no amulet)
HPRegen 0.24/turn               g - +6 ring of strength
MPRegen 0.12/turn               (no ring)

@: studying Poison Magic
A: no striking features
a: no special abilities


You were on level 7 of the Dungeon.
You visited 1 branch of the dungeon, and saw 7 of its levels.

You collected 438 gold pieces.

Inventory:

Hand Weapons
 a - a +0 war axe
 r - a +2 whip of flaming
 s - a +1 antimagic whip
 t - a +0 short sword
 u - a +1 battleaxe of freezing (weapon)
Armour
 b - a +0 scale mail
 c - a +0 buckler
 f - a +0 pair of gloves (worn)
 B - +0 steam dragon scales (worn)
Jewellery
 g - a +6 ring of strength (left hand)
 l - an amulet of faith
Wands
 d - a wand of iceblast (37)
Scrolls
 e - 2 scrolls of magic mapping
 h - 3 scrolls of immolation
 j - 3 scrolls of enchant armour
 k - a scroll of enchant weapon {unknown}
 m - 3 scrolls of fear
 n - a scroll of vulnerability {unknown}
 q - a scroll of teleportation {unknown}
 x - a scroll of fog {unknown}
 y - 2 scrolls of identify
 z - a scroll of silence {unknown}
Potions
 i - 5 potions of lignification
 o - a potion of resistance {unknown}
 p - a potion of cancellation {unknown}
 v - 2 potions of haste {unknown}
 w - a potion of mutation {unknown}
 A - 2 potions of curing
 C - a potion of attraction {unknown}


   Skills:
 - Level 8.0 Fighting
 + Level 16.1 Axes
 - Level 3.2 Armour
 - Level 3.0 Dodging
 - Level 3.2 Shields


You had 9 spell levels left.
You didn't know any spells.
Your spell library contained the following spells:

 Spells                   Type           Power      Damage    Failure   Level
 Foxfire                  Conj/Fire      0%         2x1d4     32%         1
 Ensorcelled Hibernation  Hex/Ice        0%         N/A       45%         2
 Passwall                 Tmut/Erth      0%         N/A       45%         2
 Conjure Flame            Conj/Fire      0%         6-21      69%         3
 Frozen Ramparts          Ice            0%         1d2       69%         3
 Inner Flame              Hex/Fire       0%         N/A       69%         3
 Swiftness                Air            0%         N/A       69%         3
 Flame Wave               Conj/Fire      0%         2d4       97%         4
 Ice Form                 Ice/Tmut       0%         N/A       97%         4
 Summon Ice Beast         Ice/Summ       0%         N/A       97%         4


Dungeon Overview and Level Annotations

Branches:
Dungeon (7/15)
 Temple: D:4-7

Altars:
Kikubaaqudgha
Nemelex Xobeh
Sif Muna

Shops:
D:7 :


Message History

You now have 431 gold pieces (gained 16).
You now have 438 gold pieces (gained 7).
As you open the gate, it creaks loudly!
There is an open gate here.
A two-headed ogre comes into view. It is wielding two +0 giant clubs.
Aiming: Iceblast
Press: ? - help, Shift-Dir - straight line, f - two-headed ogre
Aim: a two-headed ogre, wielding two +0 giant clubs The mass of ice explodes!
The iceblast engulfs the two-headed ogre!
The two-headed ogre is moderately wounded.
There is an open gate here.
Aiming: Iceblast
Press: ? - help, Shift-Dir - straight line, f/p - two-headed ogre
Aim: a two-headed ogre, wielding two +0 giant clubs (moderately wounded)
The mass of ice explodes!
The iceblast engulfs the two-headed ogre!
The two-headed ogre is moderately wounded.
Aiming: Iceblast
Press: ? - help, Shift-Dir - straight line, f/p - two-headed ogre
Aim: a two-headed ogre, wielding two +0 giant clubs (moderately wounded)
The mass of ice explodes!
The iceblast engulfs the two-headed ogre!
The two-headed ogre is heavily wounded.
You barely miss the two-headed ogre.
The two-headed ogre is heavily wounded.
The two-headed ogre hits you with a +0 giant club!! x2
You hit the two-headed ogre but do no damage.
The two-headed ogre is heavily wounded.
You hit the two-headed ogre. You freeze the two-headed ogre.
The two-headed ogre is heavily wounded.
The two-headed ogre closely misses you.
The two-headed ogre hits you with a +0 giant club!!
* * * LOW HITPOINT WARNING * * *
As you read the scroll of fear, it crumbles to dust.
You assume a fearsome visage.
The two-headed ogre easily resists.
The two-headed ogre hits you with a +0 giant club!
* * * LOW HITPOINT WARNING * * *
The two-headed ogre hits you with a +0 giant club!
You die...

#...# #######.....#
#... ##### #.....# #...
# #.....# #... #.
######.....# #... #..
#..........# #...
#...#########......####
####
............'......#
..⌠.........'......#
............O@.....#
#...#########......# #
#.......# #.......#
#.......# #########


You could see a two-headed ogre.

Vanquished Creatures
  A two-headed ogre (D:6)
  Pikel (D:5)
  Prince Ribbit (D:5)
  Eustachio (D:5)
  A steam dragon (D:7)
  Duvessa (D:5)
  2 sky beasts
  A necrophage (D:6)
  3 ogres
  4 centaurs
  2 scorpions
  A water moccasin zombie (D:5)
  A bullfrog (D:7)
  A wyvern zombie (D:6)
  Dowan (D:5)
  2 bullfrog zombies (D:6)
  6 hounds
  A jelly (D:7)
  3 orc priests
  A gnoll shaman (D:6)
  5 iguanas
  Ijyb (D:3)
  Natasha (thrice) (D:2)
  3 orc wizards
  A howler monkey zombie (D:7)
  11 gnolls
  A howler monkey skeleton (D:7)
  15 adders
  2 white imps
  3 worms
  18 orcs
  7 ball pythons
  8 endoplasms
  6 giant cockroaches
  8 goblins
  5 hobgoblins
  4 jackals
  A quokka (D:1)
  5 bats
  A frilled lizard (D:1)
  5 kobolds
  3 rats
151 creatures vanquished.

Vanquished Creatures (others)
  An orc wizard (D:6)
  5 toadstools (D:1)
6 creatures vanquished.

Grand Total: 157 creatures vanquished

Notes
Turn   | Place    | Note
-------+----------+-------------------------------------------
     0 | D:1      | esteth the Hill Orc Fighter began the quest for the Orb.
     0 | D:1      | Reached XP level 1. HP: 19/19 MP: 1/1
    69 | D:1      | Reached skill level 3 in Axes
   217 | D:1      | Found a faded altar of an unknown god.
   217 | D:1      | You fall into a shaft and drop 1 floor!
   269 | D:1      | Reached XP level 2. HP: 26/27 MP: 2/2
  1034 | D:2      | Reached XP level 3. HP: 21/34 MP: 3/3
  1156 | D:2      | Noticed Natasha
  1168 | D:2      | Killed Natasha
  1169 | D:2      | Reached skill level 4 in Axes
  1365 | D:2      | Reached XP level 4. HP: 33/41 MP: 4/4
  1542 | D:2      | Noticed Natasha
  1555 | D:2      | Killed Natasha
  1556 | D:2      | Reached skill level 5 in Fighting
  1852 | D:2      | Noticed Natasha
  1858 | D:2      | Killed Natasha
  1859 | D:2      | Reached skill level 5 in Axes
  1993 | D:3      | Reached XP level 5. HP: 47/48 MP: 5/5
  2442 | D:3      | Noticed Ijyb
  2449 | D:3      | Killed Ijyb
  2450 | D:3      | Reached skill level 6 in Axes
  2450 | D:3      | Reached XP level 6. HP: 34/57 MP: 6/6
  3437 | D:3      | Found a sparkling altar of Nemelex Xobeh.
  3671 | D:4      | Reached skill level 7 in Axes
  3671 | D:4      | Reached XP level 7. HP: 33/66 MP: 7/7
  4428 | D:4      | Reached skill level 8 in Axes
  4852 | D:4      | Reached skill level 1 in Dodging
  4852 | D:4      | Reached XP level 8. HP: 30/74 MP: 8/8
  5210 | D:5      | Entered Level 5 of the Dungeon
  5210 | D:5      | Noticed Prince Ribbit
  5296 | D:4      | Reached skill level 9 in Axes
  5340 | D:5      | Killed Prince Ribbit
  5594 | D:5      | Reached skill level 10 in Axes
  5648 | D:5      | Noticed Duvessa
  5648 | D:5      | Noticed Dowan
  5662 | D:5      | Noticed Eustachio
  5674 | D:5      | Killed Duvessa
  5675 | D:5      | Reached skill level 11 in Axes
  5689 | D:5      | Killed Dowan
  5966 | D:5      | Killed Eustachio
  5967 | D:5      | Reached XP level 9. HP: 48/81 MP: 9/9
  6204 | D:5      | Noticed Pikel
  6247 | D:5      | Killed Pikel
  6248 | D:5      | Reached skill level 13 in Axes
  6455 | D:5      | Found a shimmering blue altar of Sif Muna.
  6469 | D:5      | Found an ancient bone altar of Kikubaaqudgha.
  7093 | D:6      | Noticed a two-headed ogre
  7104 | D:6      | Killed a two-headed ogre
  7105 | D:6      | Reached skill level 14 in Axes
  7262 | D:6      | Reached skill level 15 in Axes
  7493 | D:6      | Reached XP level 10. HP: 88/88 MP: 10/10
  8100 | D:7      | Found Mazimeec's Book Emporium.
  8137 | D:7      | Reached skill level 16 in Axes
  8546 | D:7      | Noticed a two-headed ogre
  8561 | D:7      | Slain by a two-headed ogre

Illustrated notes

Levels and vault maps discovered:
D:1:      matt_arrival_grand_opening, layout_loops_corners,
          basic_ecumenical_altar, serial_forest, infiniplex_forest_clump_medium,
          infiniplex_forest_clump_double, infiniplex_forest_lined_1,
          infiniplex_forest_lined_ring, infiniplex_forest_zigzag_2,
          infiniplex_forest_straight_4, minmay_gold_behind_fungi,
          serial_park_tiny_2
D:2:      layout_basic, minmay_tetromino_l4, uniq_natasha
D:3:      layout_rooms, mainiacjoe_overflow_alcove_1, minmay_misc_feat_pillars,
          chequers_mini_garden, minmay_snake_closets, uniq_ijyb
D:4:      layout_basic, minmay_manual_mares
D:5:      layout_rooms, mainiacjoe_overflow_catwalk_spiral, uniq_duvessa,
          uniq_eustachio, uniq_prince_ribbit1, uniq_pikel
D:6:      layout_loops_ring
D:7:      layout_basic, minmay_temple_entry_poolview, serial_shops, shop,
          kennysheep_cross_bottleneck

Skill      XL: |  1  2  3  4  5  6  7  8  9 10 |
---------------+-------------------------------+-----
Axes           | 3 4 5 6 7 8 11 15 16 | 16.1
Fighting       | 4 5 6 7 8 |  8.0
Dodging        | 1 3 |  3.0
Armour         | |  3.2
Shields        | |  3.2

Action                   |  1- 3 |  4- 6 |  7- 9 | 10-12 || total
-------------------------+-------+-------+-------+-------++-------
Melee: War axe           |    97 |   165 |    61 |       ||   323
       Battleaxe         |       |       |   119 |    69 ||   188
Throw: Throwing net      |       |       |     1 |       ||     1
Evoke: Wand              |       |       |       |     3 ||     3
  Use: Scroll            |       |     4 |     2 |     1 ||     7
       Potion            |       |     3 |     2 |       ||     5
Armor: Scale mail        |    43 |    77 |   103 |    38 ||   261
       Steam dragon scal |       |       |       |     6 ||     6
Dodge: Dodged            |    44 |    67 |   121 |    29 ||   261
Block: Buckler           |    24 |    40 |    18 |       ||    82

Table legend: (Time is in decaauts)
 A = Elapsed time spent in this place.
 B = Non-inter-level travel time spent in this place.
 C = Inter-level travel time spent in this place.
 D = Time resting spent in this place.
 E = Time spent auto-exploring this place.
 F = Levels seen in this place.
 G = Mean time per level.
                   A        B        C        D        E       F      G
               +--------+--------+--------+--------+--------+-----+--------+
         Total |   8653 |   8463 |    190 |   3413 |   3780 |   7 | 1236.1 |
       Dungeon |   8653 |   8463 |    190 |   3413 |   3780 |   7 | 1236.1 |
               +--------+--------+--------+--------+--------+-----+--------+

Top non-repeatable levels by time:
     D:4: 1798 daAuts
     D:3: 1620 daAuts
     D:5: 1438 daAuts
     D:6: 1333 daAuts
     D:2: 1050 daAuts
     D:1: 945 daAuts
     D:7: 465 daAuts
